 Dungeon Crawl Stone Soup version 0.31-a0-232-gb1c03b2570 (webtiles) character file.

Game seed: 13785727832632329591

65 qw the Shooter (level 3, 0/29 HPs)
             Began as a Minotaur Hexslinger on July 7, 2023.
             Slain by an adder (1 damage)
             ... on level 2 of the Dungeon.
             The game lasted 00:00:31 (1736 turns).

qw the Shooter (Minotaur Hexslinger)                Turns: 1736, Time: 00:00:31

Health: 0/29       AC:  5    Str: 12    XL:     3   Next: 94%
Magic:  3/3        EV: 11    Int: 10    God:
Gold:   109        SH:  0    Dex: 20    Spells: 3/4 levels left

rFire   . . .        Y - +1 sling
rCold   . . .        (no shield)
rNeg    . . .        h - +0 ring mail
rPois   .            (helmet restricted)
rElec   .            (no cloak)
rCorr   .            (no gloves)
SInv    .            (no boots)
Will    .....        (no amulet)
Stlth   +            b - +6 ring of dexterity
HPRegen 0.24/turn    (no ring)
MPRegen 0.08/turn

%: no passive effects
@: lethally poisoned (0 -> -2)
A: horns 2, retaliatory headbutt
a: no special abilities


You were on level 2 of the Dungeon.
You visited 1 branch of the dungeon, and saw 3 of its levels.

You collected 109 gold pieces.


Innate Abilities, Weirdness & Mutations

You have a pair of horns on your head.
You reflexively headbutt those who attack you in melee.


   Skills:
 - Level 2.0 Fighting
 + Level 4.2 Ranged Weapons
 - Level 1.0 Armour
 - Level 2.1 Dodging
 - Level 1.0 Spellcasting
 - Level 2.0 Hexes


You had 3 spell levels left.
You knew the following spells:

 Your Spells              Type           Power      Damage    Failure   Level
a - Slow                  Hex            16%        N/A       34%         1

Your spell library contained the following spells:

 Spells                   Type           Power      Damage    Failure   Level
 Inner Flame              Hex/Fire       2%         N/A       83%         3
 Portal Projectile        Hex/Tloc       4%         N/A       83%         3
 Cause Fear               Hex            2%         N/A       98%         4

Inventory:

Hand Weapons
 Y - a +1 sling (weapon)
Armour
 h - a +0 ring mail (worn)
Jewellery
 b - a +6 ring of dexterity (left hand)
Potions
 g - a potion of haste {unknown}

Dungeon Overview and Level Annotations

Branches:
Dungeon (3/15)

Altars:
Trog
Yredelemnul


Message History

You shoot a sling bullet.
The sling bullet closely misses the adder.
The sling bullet completely misses the kobold.
The adder bites you but does no damage.
A quokka comes into view.
The adder bites you.
You are poisoned.
The adder poisons you!
1730 ||| STAIRDANCE You feel sick.
The adder bites you.
You are more poisoned.
The adder poisons you!
You climb upwards.
You feel very sick.
There is a stone staircase leading down here.
Enter note:
Enter note:
Enter note:
Enter note:
Enter note:
Enter note: You shoot a sling bullet.
The sling bullet hits the adder.
The adder is lightly wounded.
You feel sick. The adder bites you. x2
You are lethally poisoned!
The adder poisons you!
You shoot a sling bullet.
The sling bullet barely misses the adder.
You feel very sick. The adder bites you. The adder misses you.
You shoot a sling bullet. The sling bullet misses the adder.
You feel very sick. The adder closely misses you. You furiously retaliate!
You headbutt the adder. You shoot a sling bullet.
The sling bullet hits the adder.
The adder is heavily wounded.
You feel sick.
The adder bites you but does no damage. x2
You shoot a sling bullet. The sling bullet hits the adder.
The adder is severely wounded.
You feel sick. The adder bites you.
You die...

###.######.# #.# #.# #.#
##.#### #.# #.# ###.#
#.....# #.# #.# ....#
#.###.# #.##### ##.##
##### #.# #.# #.....#
#...# #########.###.#
#####.# #...#
..............# #.# #...#
.#########..###########.#
##.## .#
#######.....S@....##.#
#.#
.###...........#####[##.#
#.# .##...####.###.#
##.##.# #.# ...#.#.###.#
#.####...#.# #.#
.......%...# #..........#
#.# ...#.#.#####
######...#######.#
......## ##..........#
####### ############


You could see an adder.

Vanquished Creatures
  Terence (D:2)
  2 dart slugs
  7 ball pythons
  2 endoplasms (D:2)
  2 giant cockroaches (D:1)
  4 hobgoblins
  2 quokkas
  3 bats
  3 frilled lizards
  5 goblins
  A kobold (D:1)
  3 rats
35 creatures vanquished.

Notes
Turn   | Place    | Note
-------+----------+-------------------------------------------
     0 | D:1      | qw the Minotaur Hexslinger began the quest for the Orb.
     0 | D:1      | Reached XP level 1. HP: 16/16 MP: 1/1
     0 | D:1      | 0 ||| qw: Version: 0.3-a-46-gb1f654a
     0 | D:1      | 0 ||| qw: Game counter: 2587
     0 | D:1      | 0 ||| qw: Melee chars always use a shield: true
     0 | D:1      | 0 ||| qw: God list: Okawaru
     0 | D:1      | 0 ||| qw: Allow faded altars: false
     0 | D:1      | 0 ||| qw: Do Orc after clearing Dungeon:15 true
     0 | D:1      | 0 ||| qw: Do second Lair branch before Depths: true
     0 | D:1      | 0 ||| qw: Lair rune preference: random
     0 | D:1      | 0 ||| qw: Goals: Normal
     0 | D:1      | 0 ||| PLANNING D:1-11
   343 | D:1      | Reached skill level 3 in Ranged Weapons
   343 | D:1      | Reached XP level 2. HP: 23/23 MP: 2/2
   845 | D:1      | Found a basalt altar of Yredelemnul.
   861 | D:1      | 861 ||| UPGRADING to +0 ring mail.
   871 | D:1      | 871 ||| DROPPING +0 robe.
   872 | D:1      | 872 ||| READING scroll labelled IPUAKLO JU UNU.
   873 | D:1      | 873 ||| READING scroll labelled FEOLAR EHESA.
   874 | D:1      | 874 ||| DRINKING 3 cyan potions.
   878 | D:1      | 878 ||| DROPPING scroll of poison.
   879 | D:1      | 879 ||| DROPPING 2 potions of ambrosia.
   951 | D:2      | Noticed Terence
   961 | D:2      | Killed Terence
   962 | D:2      | Reached skill level 4 in Ranged Weapons
   962 | D:2      | Reached XP level 3. HP: 13/29 MP: 3/3
  1114 | D:2      | Found a bloodstained altar of Trog.
  1169 | D:2      | Reached skill level 1 in Armour
  1675 | D:2      | 1675 ||| DROPPING ring of flight.
  1676 | D:2      | 1676 ||| UPGRADING to +6 ring of dexterity.
  1677 | D:2      | 1677 ||| READING scroll labelled CESHRI QUFYQU.
  1678 | D:2      | 1678 ||| READING scroll labelled RICIEREAKO.
  1679 | D:2      | 1679 ||| READING scroll labelled MOKLI XOLUL.
  1680 | D:2      | 1680 ||| DRINKING 2 metallic emerald potions.
  1681 | D:2      | 1681 ||| DRINKING 2 blue potions.
  1682 | D:2      | 1682 ||| DROPPING potion of attraction.
  1683 | D:2      | 1683 ||| DROPPING potion of brilliance.
  1730 | D:3      | 1730 ||| STAIRDANCE
  1733 | D:2      | HP: 7/29 [poisoned by an adder]
  1734 | D:2      | HP: 3/29 [poisoned by an adder]
  1736 | D:2      | HP: 1/29 [poisoned by an adder]
  1736 | D:2      | Slain by an adder

Levels and vault maps discovered:
D:1:      dpeg_arrival_water_altar, layout_loops_corners
D:2:      layout_loops_ring, basic_altar, uniq_terence
D:3:      layout_loops_ring, serial_bayou_pond_b, minmay_snake_closets

Skill      XL: |  1  2  3 |
---------------+----------+-----
Ranged Weapons | 3 4 |  4.2
Fighting       | 2 |  2.0
Armour         | 1 |  1.0
Dodging        | |  2.1
Spellcasting   | |  1.0
Hexes          | |  2.0

Action                     || total
---------------------------++-------
   Fire: Sling             ||    99
    Use: Scroll            ||     5
         Potion            ||     3
 Armour: Ring mail         ||    10
  Dodge: Dodged            ||    41

Table legend:
 A = Non-vault XP
 B = Vault XP
 C = Vault XP percentage of total XP
 D = Non-vault monster count
 E = Vault monster count
 F = Vault count percentage of total count
                 A         B        C        D         E       F
            +---------+---------+-------+---------+---------+-------
      Total |      58 |      36 |  38.3 |      34 |       1 |   2.9
            +---------+---------+-------+---------+---------+-------
        D:1 |      26 |       0 |   0.0 |      15 |       0 |   0.0
        D:2 |      32 |      36 |  52.9 |      19 |       1 |   5.0
            +---------+---------+-------+---------+---------+-------
